 Dungeon Crawl Stone Soup version 0.19.1 (console) character file.

82 Morrissey the Insei (level 4, -4/21 HPs)
             Began as a Vine Stalker Transmuter on Dec 22, 2016.
             Killed from afar by Crazy Yiuf (13 damage)
             ... with a wand of flame
             ... on level 2 of the Dungeon.
             The game lasted 00:03:54 (2226 turns).

Morrissey the Insei (Vine Stalker Transmuter)       Turns: 2226, Time: 00:03:54

Health: -4/21      AC:  2    Str: 16    XL:     4   Next: 43%
Magic:  0/8        EV: 21    Int: 14    God:
Gold:   95         SH:  0    Dex: 19    Spells: 2 memorised, 3 levels left

rFire  . . .     SeeInvis .       - Unarmed
rCold  . . .     Gourm    .     (armour currently unavailable)
rNeg   . . .     Faith    .     (shield currently unavailable)
rPois  x         Spirit   +     (helmet currently unavailable)
rElec  .         Reflect  .     (cloak currently unavailable)
rCorr  .         Harm     +     (gloves currently unavailable)
MR     .....                    (boots currently unavailable)
Stlth  ++........               k - amulet of harm
                                (no ring)
                                g - +3 ring of strength

@: spider-form, very slightly contaminated
A: (fangs 0), regeneration 1, magic shield, (antimagic bite), no device heal 3,
rot immunity
a: End Transformation


You were on level 2 of the Dungeon.
You were not hungry.
You were a venomous arachnid creature.
You visited 1 branch of the dungeon, and saw 2 of its levels.

You collected 95 gold pieces.

Inventory:

Missiles
 a - 32 arrows
Armour
 b - a +0 robe (melded)
 q - a +0 pair of gloves
Jewellery
 g - a +3 ring of strength (left front leg)
 k - an amulet of harm (around neck)
Scrolls
 e - a scroll of enchant weapon {unknown}
 f - 2 scrolls of remove curse {unknown}
 j - a scroll of fear {unknown}
 o - a scroll of identify {unknown}
 s - 2 scrolls of recharging {unknown}
Potions
 h - 3 potions of cancellation {unknown}
 l - a potion of heal wounds {unknown}
 m - a potion of agility {unknown}
 p - a potion of haste {unknown}
 r - a potion of curing {unknown}
Books
 c - a book of Changes

   Spells                             Type                      Level
   a - Beastly Appendage              Transmutation                1
   b - Sticks to Snakes               Transmutation                2
   c - Spider Form                    Transmutation/Poison         3
   d - Ice Form                       Ice/Transmutation            4
   e - Blade Hands                    Transmutation                5
Comestibles
 d - 2 bread rations
 i - 4 fruits
 n - 6 chunks of flesh


   Skills:
 - Level 0.8 Fighting
 + Level 2.6 Dodging
 + Level 3.7 Unarmed Combat
 - Level 2.1 Spellcasting
 + Level 2.9 Transmutations


You had 3 spell levels left.
You knew the following spells:

 Your Spells              Type           Power        Failure   Level  Hunger
a - Beastly Appendage     Tmut           #.....       24%         1    #......
b - Spider Form           Tmut/Pois      #.........   61%         3    ###....


Dungeon Overview and Level Annotations

Branches:
Dungeon (2/15)

Altars:

Annotations:
D:2 Crazy Yiuf


Innate Abilities, Weirdness & Mutations

((You have extremely sharp teeth.))
Your natural rate of healing is unusually fast.
When hurt, damage is shared between your health and your magic reserves.
((Your bite disrupts and absorbs the magic of your enemies.))
Potions and wands cannot restore your health.
You are immune to rotting.


Message History

You miscast Spider Form.
You are very lightly contaminated with residual magic.
You feel odd.
* * * LOW MAGIC WARNING * * *
Casting: Spider Form
Confirm with . or Enter, or press ? or * to list all spells.
You turn into a venomous arachnid creature.
Your +0 robe melds into your body.
* * * LOW MAGIC WARNING * * *
Crazy Yiuf zaps a wand.
The puff of flame hits you!
* * * LOW HITPOINT WARNING * * *
Crazy Yiuf hits you with a quarterstaff of chaos.
* * * LOW HITPOINT WARNING * * *
x2
There is an open door here.
You hit Crazy Yiuf but do no damage. You hit Crazy Yiuf but do no damage.
Crazy Yiuf says, "Crazy?
Crazy!?
PORCUPINE!"
Crazy Yiuf zaps a wand.
The puff of flame hits you!
Ouch! That really hurt!
You die...

##..##.###### #
...>........>. #
##..########## #
.......# # ##..#### #
##..# ###♣♣♣♣♣ #
##..###.#..♣.♣♣♣ ####
#
##..........♣..♣#...#
#
##.)#......♣♣♣♣.sg..#
##..##..#.♣♣ ♣♣#..)#
.<..#####♣♣ #### ####
.#### ##..# .#
#######..P. .#
###.......... .#
..>......P♣♣P .# # #
########.P♣♣. .#
#..#. #.P.♣♣


You could see Crazy Yiuf.

Vanquished Creatures
  3 adders (D:2)
  A worm (D:2)
  2 dart slugs
  2 leopard geckos
  6 bats
  2 giant cockroaches
  7 hobgoblins
  A frilled lizard (D:1)
  7 goblins
  11 kobolds
  3 rats
45 creatures vanquished.

Notes
Turn   | Place    | Note
-------+----------+-------------------------------------------
     0 | D:1      | Morrissey the Vine Stalker Transmuter began the quest for the Orb.
     0 | D:1      | Reached XP level 1. HP: 9/9 MP: 4/4
   402 | D:1      | Reached XP level 2. HP: 10/14 MP: 6/6
  1068 | D:1      | Reached XP level 3. HP: 12/17 MP: 4/7
  1073 | D:1      | Learned a level 3 spell: Spider Form
  2031 | D:2      | Gained mutation: Your natural rate of healing is unusually fast. [Vine Stalker growth]
  2031 | D:2      | Reached XP level 4. HP: 16/21 MP: 6/8
  2217 | D:2      | Found a runed door.
  2221 | D:2      | Noticed Crazy Yiuf
  2226 | D:2      | Killed from afar by Crazy Yiuf

Skill      XL: |  1  2 |
---------------+-------+-----
Dodging        | 2 |  2.6
Fighting       | |  0.8
Unarmed Combat | |  3.7
Spellcasting   | |  2.1
Transmutations | |  2.9

Action                   |  1- 3 |  4- 6 || total
-------------------------+-------+-------++-------
Melee: Unarmed           |   122 |    26 ||   148
       Bite              |    29 |     6 ||    35
       Kick              |    11 |     6 ||    17
       Punch             |     4 |       ||     4
       Headbutt          |     2 |     3 ||     5
 Cast: Beastly Appendage |    16 |     5 ||    21
       Spider Form       |       |     1 ||     1
  Eat: Chunk             |     4 |     1 ||     5
Armor: Robe              |    11 |     3 ||    14
Dodge: Dodged            |    80 |    11 ||    91
